 Dungeon Crawl Stone Soup version 0.28.0-43-g3370ac3207 (webtiles) character file.

Game seed: 1109461619949185212

29331 styxcanada the Unseen (level 13, -13/63 HPs)
             Began as a Spriggan Brigand on Mar 26, 2022.
             Was an Initiate of Gozag.
             Killed from afar by an oklob plant (28 damage)
             ... with a splash of acid
             ... on level 1 of the Lair of Beasts.
             The game lasted 01:30:29 (15796 turns).

styxcanada the Unseen (Spriggan Brigand)           Turns: 15796, Time: 01:30:30

Health: -13/63     AC:  3    Str:  7    XL:     13   Next: 14%
Magic:  23/23      EV: 27    Int: 19    God:    Gozag
Gold:   229        SH: 13    Dex: 21    Spells: 22/25 levels left

rFire   . . .      SeeInvis +   t - +8 Vampire's Tooth {vamp}
rCold   x . .      Faith    .   z - +0 buckler
rNeg    . . .      Spirit   .   s - +2 animal skin
rPois   +          Reflect  +   (helmet restricted)
rElec   .          Harm     .   c - +2 cloak
rCorr   .          Rampage  .   (gloves unavailable)
Will    ++...      Clarity  +   (boots unavailable)
Stlth   +++++++...              K - amulet "Bosehaut" {Reflect rPois rC- Regen+ SH+5}
HPRegen 1.00/turn               H - +6 ring of intelligence
MPRegen 0.18/turn               q - +4 ring of protection

@: corroded, very quick
A: very small, no large weapons, unfitting armour, see invisible, speed 3, horns
1, clarity, poison resistance
a: Renounce Religion, Potion Petition, Call Merchant, Bribe Branch


You were on level 1 of the Lair of Beasts.
You worshipped Gozag.
Gozag was aware of your devotion.
You visited 2 branches of the dungeon, and saw 11 of its levels.
You also visited: Ossuary and Bailey.

You collected 2905 gold pieces.
You spent 1221 gold pieces at shops.
You paid 1455 gold pieces to Gozag.

Inventory:

Hand Weapons
 l - a +0 dagger of venom
 m - a +0 hunting sling
 t - the +8 Vampire's Tooth (weapon) {vamp}
   (You bought it in a shop on level 1 of the Lair of Beasts)

   It occasionally heals its wielder for the full amount of damage dealt when it
   wounds a living foe.
 B - a +3 mace of freezing
Missiles
 d - 6 poisoned darts (quivered)
 e - 2 curare-tipped darts
 g - 202 stones
 o - 7 sling bullets
 C - 5 datura-tipped darts
Armour
 c - a +2 cloak (worn)
 f - a +1 robe of fire resistance
 s - a +2 animal skin (worn)
 z - a +0 buckler (worn)
Jewellery
 i - an amulet of regeneration
 q - a +4 ring of protection (right hand)
 r - a +6 ring of strength
 w - a ring of flight
 H - a +6 ring of intelligence (left hand)
 K - the amulet "Bosehaut" (around neck) {Reflect rPois rC- Regen+ SH+5}
   (You acquired it in a bailey)

   [amulet of reflection]

   It reflects blocked missile attacks.
   rC:        It makes you vulnerable to cold.
   rPois:     It protects you from poison.
   Regen:     It increases your rate of health regeneration.
   SH:        It affects your SH (+5).
Wands
 a - a wand of flame (4)
 b - a wand of paralysis (3)
 F - a wand of iceblast (3)
Scrolls
 h - 5 scrolls of teleportation
 k - 2 scrolls of magic mapping
 y - 5 scrolls of identify
 A - a scroll of silence
 E - 2 scrolls of enchant armour
 L - 5 scrolls of summoning
Potions
 j - a potion of ambrosia
 n - 3 potions of heal wounds
 p - 3 potions of haste
 v - 2 potions of flight
 D - 3 potions of curing
 G - 5 potions of magic
 J - 4 potions of brilliance
 N - a potion of invisibility


   Skills:
 + Level 5.2 Fighting
 + Level 6.2 Short Blades
 + Level 0.4 Maces & Flails
 + Level 5.5(6.9) Slings
 + Level 5.2(6.0) Throwing
 * Level 12.3 Dodging
 * Level 16.4 Stealth
 * Level 5.3 Shields
 * Level 6.6 Spellcasting
 * Level 4.1 Conjurations
 * Level 6.9 Hexes
 * Level 8.4 Evocations


You had 22 spell levels left.
You knew the following spells:

 Your Spells              Type           Power      Damage    Failure   Level
a - Dazzling Flash        Conj/Hex       54%        N/A       6%          3

Your spell library contained the following spells:

 Spells                   Type           Power      Damage    Failure   Level
 Iskenderun's Mystic Bla  Conj/Tloc      14%        2d5       65%         4
 Animate Armour           Summ/Erth      12%        N/A       90%         4
 Borgnjor's Vile Clutch   Necr/Erth      3%         N/A       99%         5
 Starburst                Conj/Fire      7%         6d4       100%        6


Dungeon Overview and Level Annotations

Branches:
Dungeon (10/15)            Temple (0/1) D:6            Lair (1/6) D:10
    Orc (0/2) D:10        Ossuary (visited)          Bailey (visited)

Altars:
Ashenzari
Cheibriados
Dithmenos
Elyvilon
Fedhas
Gozag
Kikubaaqudgha
Trog
Zin

Shops:
D:2 *   D:5 (   Lair:1 (=

Portals:
Trove: D:10 (give +6 demon whip)

Annotations:
D:8 1 runed translucent door, themarg's ghost, novice TeCj
Lair:1 exclusion: 2 oklob plants


Innate Abilities, Weirdness & Mutations

You are very small and have problems with some larger weapons.
You are too small for most types of armour.
You have supernaturally acute eyesight. (SInv)
You cover ground extremely quickly. (Speed+++)
You have a pair of small horns on your head.
You possess an exceptional clarity of mind.
Your system is resistant to poisons. (rPois)


Message History

The plant begins to die.
You start resting.
A nearby plant withers and dies.
You start resting.
HP restored.
Really walk into a travel-excluded area?
Okay, then.
The oklob plant spits acid at you. The splash of acid misses you.
You see here 16 stones.
You hit the oklob plant.
The oklob plant is lightly damaged.
You hit the oklob plant but do no damage.
You headbutt the oklob plant, but do no damage.
The oklob plant is lightly damaged.
The oklob plant spits acid at you.
The splash of acid reflects off an invisible shield around you!
The splash of acid hits the oklob plant.
The oklob plant completely resists.
You hit the oklob plant.
You headbutt the oklob plant, but do no damage.
The oklob plant is lightly damaged.
Unknown command.
You hit the oklob plant. You headbutt the oklob plant.
The oklob plant is moderately damaged.
The oklob plant spits acid at you. The splash of acid hits you!!
The acid corrodes you!
Unknown command.
You hit the oklob plant.
You feel better.
You headbutt the oklob plant, but do no damage.
The oklob plant is moderately damaged.
You hit the oklob plant but do no damage.
The oklob plant is moderately damaged.
The oklob plant spits acid at you. The splash of acid hits you!!
* * * LOW HITPOINT WARNING * * *
You hit the plant but do no damage. The oklob plant spits acid at you.
The splash of acid hits you!!
You die...
Your body crumbles into a pile of gold.

## ## .### ##### ..###...##P
#.P.##### .P!.P.P.P.
##########P....###....PP.PP
....##P#........P...PP.P.P.
>..##......P..P.@(PP.PP#
...#.....PP..P..P....### $
........PP##..P####PP.#
..........P###..# #####
...######### ####
...##############################
.................................
...####..........................
..+...#....#####........###......


You could see 2 oklob plants.

Vanquished Creatures
  A vault guard (D:10)
  4 hydras
  A two-headed ogre (D:10)
  The ghost of Kazon the Skirmisher, a novice MiFi of the Shining One (D:9)
  A necromancer (D:10)
  4 orc knights (Bailey)
  Pikel (D:5)
  An oklob plant (Lair:1)
  A rime drake (Lair:1)
  3 cane toads (Lair:1)
  A kobold demonologist (D:8)
  4 komodo dragons (Lair:1)
  A troll (D:10)
  Sigmund (D:2)
  A shadow (D:7)
  2 wraiths (D:10)
  A wyvern (D:9)
  15 yaks
  3 neqoxecs (D:9)
  2 steam dragons (D:8)
  3 water moccasins (Lair:1)
  7 orc warriors
  A sky beast (D:4)
  2 hornet zombies (D:8)
  6 black bears
  4 ice beasts (D:9)
  10 wolves
  2 ogres
  5 centaurs
  A phantom (D:4)
  3 kobold brigands
  An elf zombie (Ossuary)
  10 bullfrogs
  A scorpion (D:5)
  5 killer bees (D:9)
  2 electric eels (D:9)
  5 wights (D:7)
  3 vampire bats (D:3)
  7 howler monkeys
  A centaur zombie (D:9)
  3 quasits (D:9)
  6 hounds
  A human zombie (Ossuary)
  2 jellies
  5 orc priests
  3 centaur skeletons (D:5)
  An iron imp (D:7)
  5 iguanas
  3 yak simulacra (D:10)
  Ijyb (D:3)
  2 polar bear simulacra (D:10)
  3 orc wizards
  2 wolf simulacra (D:10)
  5 centaur simulacra (D:9)
  A hound skeleton (D:4)
  2 mummies (Ossuary)
  3 howler monkey zombies
  Robin (D:3)
  4 gnolls
  6 adders
  A shadow imp (D:5)
  6 white imps
  5 ufetubi
  An adder zombie (Ossuary)
  An adder skeleton (D:4)
  3 worms
  2 dart slugs (D:1)
  37 orcs
  6 bats
  4 bat skeletons (D:3)
  2 bat zombies (D:3)
  6 endoplasms
  2 giant cockroaches
  27 goblins
  11 hobgoblins
  6 jackals
  4 quokkas
  9 ball pythons
  3 frilled lizards
  2 goblin zombies (Ossuary)
  10 hobgoblin zombies (Ossuary)
  2 jackal zombies (Ossuary)
  19 kobolds
  8 kobold zombies (Ossuary)
  9 orc zombies (Ossuary)
  3 rats (D:3)
  2 rat zombies (Ossuary)
  4 river rat simulacra (D:10)
382 creatures vanquished.

Vanquished Creatures (collateral kills)
  An orc knight (Bailey)
1 creature vanquished.

Vanquished Creatures (others)
  An orc wizard (D:6)
  An orc (D:8)
  3 fungi (Lair:1)
  12 plants
17 creatures vanquished.

Grand Total: 400 creatures vanquished

Notes
Turn   | Place    | Note
-------+----------+-------------------------------------------
     0 | D:1      | styxcanada the Spriggan Brigand began the quest for the
                  | Orb.
     0 | D:1      | Reached XP level 1. HP: 10/10 MP: 2/2
    38 | D:1      | Reached skill level 6 in Stealth
   307 | D:1      | Reached XP level 2. HP: 14/14 MP: 3/3
   518 | D:1      | Found a faded altar of an unknown god.
   706 | D:1      | Reached skill level 7 in Stealth
   797 | D:1      | Reached XP level 3. HP: 15/18 MP: 4/4
  1581 | D:2      | Noticed Sigmund
  1738 | D:2      | Killed Sigmund
  1739 | D:2      | Reached skill level 8 in Stealth
  1739 | D:2      | Reached XP level 4. HP: 19/23 MP: 5/5
  1739 | D:2      | Reached XP level 5. HP: 22/26 MP: 6/6
  1891 | D:2      | Found Isudghoo's Assorted Antiques.
  1897 | D:2      | Bought a fizzy pink potion for 28 gold pieces
  2560 | D:2      | Reached skill level 9 in Stealth
  2844 | D:3      | Noticed a black bear
  2878 | D:3      | Killed a black bear
  2879 | D:3      | Reached XP level 6. HP: 32/32 MP: 7/7
  2926 | D:3      | Noticed Robin
  3019 | D:3      | Killed Robin
  3111 | D:3      | Noticed Ijyb
  3136 | D:3      | Killed Ijyb
  3275 | D:3      | Found a glowing silver altar of Zin.
  3608 | D:3      | Found an ancient bone altar of Kikubaaqudgha.
  3670 | D:3      | Reached XP level 7. HP: 35/35 MP: 8/8
  4034 | D:3      | You are sucked into a shaft and drop 2 floors!
  4034 | D:5      | Entered Level 5 of the Dungeon
  4118 | D:5      | Found Duisubo's Antique Weapon Shop.
  4370 | D:4      | Reached skill level 5 in Dodging
  4423 | D:4      | Reached skill level 10 in Stealth
  4830 | D:4      | Reached skill level 1 in Slings
  5386 | D:4      | Reached XP level 8. HP: 36/40 MP: 9/9
  5443 | D:4      | Reached skill level 1 in Evocations
  5673 | D:4      | Found an opulent altar of Gozag.
  5682 | D:4      | Became a worshipper of Gozag Ym Sagoz the Greedy
  5882 | D:5      | Bought a runed dagger for 165 gold pieces
  5922 | D:5      | Reached skill level 11 in Stealth
  6132 | D:5      | Got the Compendium of Clay
  6403 | D:5      | Noticed Pikel
  6432 | D:5      | Killed Pikel
  6433 | D:5      | Reached skill level 5 in Short Blades
  6529 | D:5      | Reached skill level 12 in Stealth
  6529 | D:5      | Reached XP level 9. HP: 45/45 MP: 10/10
  6772 | D:2      | Bought a scroll labelled CUKHENW HADAIG for 32 gold pieces
  6772 | D:2      | Bought a scroll labelled IKHUDGH WAIXZOO for 32 gold pieces
  6772 | D:2      | Bought a scroll of identify for 64 gold pieces
  6922 | D:6      | Gained mutation: You are covered in fur. (AC +1) [potion of
                  | mutation]
  6922 | D:6      | Gained mutation: Your spells are a little easier to cast,
                  | but a little less powerful. [potion of mutation]
  6922 | D:6      | Gained mutation: You expend magic power (3 MP) to
                  | strengthen your wands. [potion of mutation]
  6922 | D:6      | Gained mutation: Your system is resistant to poisons.
                  | (rPois) [potion of mutation]
  7015 | D:6      | Learned a level 3 spell: Dazzling Flash
  7271 | D:6      | Found a broken altar of Ashenzari.
  7280 | D:6      | Found a shadowy altar of Dithmenos.
  7404 | D:6      | Reached skill level 1 in Hexes
  7506 | D:6      | Reached skill level 1 in Spellcasting
  7943 | D:6      | Found a staircase to the Ecumenical Temple.
  8015 | D:7      | Found a bloodstained altar of Trog.
  8037 | D:7      | Reached skill level 1 in Conjurations
  8089 | D:7      | Reached skill level 1 in Shields
  8404 | D:7      | Reached skill level 13 in Stealth
  8694 | D:7      | Found a snail-covered altar of Cheibriados.
  8804 | D:7      | Reached XP level 10. HP: 49/49 MP: 14/14
  8892 | D:8      | Found a sand-covered staircase.
  8922 | D:8      | Found a runed translucent door.
  8924 | Ossuary  | Entered an ossuary
  9216 | Ossuary  | Reached skill level 5 in Evocations
  9727 | D:8      | Identified the +6 spear of Isoept {drain, rPois Dex+3}
  9727 | D:8      | Noticed themarg's ghost (novice TeCj)
 10677 | D:8      | Found a white marble altar of Elyvilon.
 11278 | D:9      | Reached skill level 10 in Dodging
 11643 | D:9      | Found a transporter.
 11653 | D:9      | Found a transporter.
 12022 | D:9      | Found a flagged portal.
 12035 | Bailey   | Entered a bailey
 12168 | Bailey   | Noticed an orc knight
 12172 | Bailey   | Noticed an orc knight
 12231 | Bailey   | Killed an orc knight
 12257 | Bailey   | Noticed an orc knight
 12273 | Bailey   | Noticed an orc knight
 12277 | Bailey   | Noticed an orc knight
 12305 | Bailey   | Killed an orc knight
 12323 | Bailey   | Reached XP level 11. HP: 36/53 MP: 11/17
 12433 | Bailey   | Killed an orc knight
 12518 | Bailey   | Killed an orc knight
 12616 | Bailey   | Killed an orc knight
 12711 | Bailey   | Acquired the amulet "Bosehaut" {Reflect rPois rC- Regen+
                  | SH+5}
 12777 | D:9      | Reached skill level 14 in Stealth
 12973 | D:9      | Noticed Kazon's ghost (novice MiFi)
 13075 | D:9      | Reached skill level 5 in Throwing
 13075 | D:9      | Reached skill level 5 in Spellcasting
 13075 | D:9      | Reached XP level 12. HP: 59/59 MP: 18/21
 13089 | D:9      | Reached skill level 5 in Fighting
 13100 | D:9      | Killed Kazon's ghost
 13150 | D:10     | Entered Level 10 of the Dungeon
 13170 | D:10     | Reached skill level 15 in Stealth
 13413 | D:10     | Found a staircase to the Lair.
 13434 | D:10     | Noticed a two-headed ogre
 13496 | D:10     | Found a staircase to the Orcish Mines.
 13545 | D:10     | Killed a two-headed ogre
 13684 | D:10     | Lost mutation: You are covered in fur. (AC +1) [potion of
                  | mutation]
 13684 | D:10     | Lost mutation: You expend magic power (3 MP) to strengthen
                  | your wands. [potion of mutation]
 13684 | D:10     | Lost mutation: Your spells are a little easier to cast, but
                  | a little less powerful. [potion of mutation]
 13684 | D:10     | Gained mutation: You have a pair of small horns on your
                  | head. [potion of mutation]
 13684 | D:10     | Gained mutation: You possess an exceptional clarity of
                  | mind. [potion of mutation]
 13717 | D:10     | Found a blossoming altar of Fedhas.
 13825 | D:10     | Noticed a five-headed hydra
 13827 | D:10     | Killed a five-headed hydra
 13871 | D:10     | Noticed a vault guard
 13874 | D:10     | Killed a vault guard
 13883 | D:10     | Found a portal to a secret trove of treasure.
 14044 | D:10     | Noticed a four-headed hydra
 14122 | D:10     | Killed a four-headed hydra
 14123 | D:10     | Reached skill level 5 in Slings
 14357 | Lair:1   | Entered Level 1 of the Lair of Beasts
 14377 | Lair:1   | Noticed an eight-headed hydra
 14390 | Lair:1   | Killed an eight-headed hydra
 14543 | Lair:1   | Noticed a six-headed hydra
 14548 | Lair:1   | Killed a six-headed hydra
 14549 | Lair:1   | Reached skill level 16 in Stealth
 14687 | Lair:1   | Reached skill level 5 in Shields
 14698 | Lair:1   | Reached XP level 13. HP: 63/63 MP: 23/23
 15188 | Lair:1   | Bought the +8 Vampire's Tooth {vamp} for 900 gold pieces
 15188 | Lair:1   | Found the +8 Vampire's Tooth {vamp}
 15796 | Lair:1   | Killed from afar by an oklob plant

Illustrated notes

Levels and vault maps discovered:
D:1:      lemuel_arrival_room, layout_basic, hellmonk_ecumenical_altar_zigzags
D:2:      layout_basic, serial_shops, nicolae_shop_crystal, uniq_sigmund
D:3:      layout_basic, kennysheep_vampire_church, zin_statuary, uniq_ijyb,
          uniq_robin
D:4:      minmay_chambers_of_twos, layout_basic, mainiacjoe_overflow_alcove_4,
          amcnicky_mini_pool_small
D:5:      layout_basic, serial_shops, shop_coins, uniq_pikel
D:6:      layout_loops_ring, mainiacjoe_overflow_swirl,
          lemuel_temple_firewalk_b, kennysheep_potato
D:7:      layout_loops_cross, trog_ov_bears_minmay, slow_altar_1
D:8:      layout_layer_cave, mainiacjoe_overflow_alcove_2,
          ebering_ghost_funeral_grove, enter_ossuary_1,
          kennysheep_generic_room_4
D:9:      layout_basic, enter_bailey_7, serial_ice, serial_ice_o, serial_ice_m,
          serial_ice_k, serial_ice_n, serial_ice_c, serial_ice_f, serial_ice_d,
          serial_ice_a, serial_ice_b, serial_ice_h, gammafunk_ghost_stat_death,
          kennysheep_another_room
D:10:     layout_loops_ring, fedhas_altar_1, lair_entry_dummy, orc_0_dummy,
          enter_trove_5, skrybe_limestone_x, eino_house_with_fridge
Lair:1:   minmay_lair_oklob_tunnel, layout_chaotic_city, beast_lair_carwin_9

Skill      XL: |  1  2  3  4  5  6  7  8  9 10 11 12 13 |
---------------+----------------------------------------+-----
Stealth        | 6 7 8 9 10 12 13 14 16 | 16.4
Fighting       | 2 3 4 5 |  5.2
Short Blades   | 3 4 5 6 |  6.2
Dodging        | 2 3 4 6 7 9 10 11 12 | 12.3
Throwing       | 3 4 5 |  5.2
Slings         | 1 2 3 4 5 |  5.5
Evocations     | 3 4 6 7 8 |  8.4
Hexes          | 3 4 6 |  6.9
Spellcasting   | 2 3 5 6 |  6.6
Conjurations   | 1 2 3 4 |  4.1
Shields        | 1 3 4 5 |  5.3
Maces & Flails | |  0.4

Action                   |  1- 3 |  4- 6 |  7- 9 | 10-12 | 13-15 || total
-------------------------+-------+-------+-------+-------+-------++-------
Melee: Dagger            |   118 |   201 |   452 |   720 |   119 ||  1610
       Punch             |     1 |     5 |     4 |       |       ||    10
       Unarmed           |       |       |     3 |       |       ||     3
       Mace              |       |       |    14 |    57 |       ||    71
       Headbutt          |       |       |       |    36 |    52 ||    88
       Quick blade       |       |       |       |       |    68 ||    68
 Fire: Hunting sling     |       |       |    42 |   158 |       ||   200
Throw: Dart              |    13 |    24 |    43 |    53 |       ||   133
       Boomerang         |     5 |     2 |     3 |       |       ||    10
 Cast: Dazzling Flash    |       |       |       |       |     5 ||     5
Invok: Call Merchant     |       |       |       |     2 |       ||     2
Evoke: Wand              |       |       |     8 |    18 |     9 ||    35
  Use: Scroll            |       |       |    18 |     8 |       ||    26
       Potion            |       |       |     1 |     4 |       ||     5
 Stab: Sleeping          |    17 |    12 |    22 |    32 |     4 ||    87
       Distracted        |       |       |     3 |    12 |     3 ||    18
       Paralysed         |       |       |     3 |     4 |       ||     7
       Invisible         |       |       |       |     7 |       ||     7
Armor: Robe              |    17 |    12 |       |       |       ||    29
       Animal skin       |       |    29 |    75 |   140 |    11 ||   255
Dodge: Dodged            |    64 |   178 |   352 |   783 |   100 ||  1477
Block: Buckler           |       |       |    37 |   353 |    91 ||   481
       Reflection        |       |       |       |     1 |     2 ||     3
